 Dungeon Crawl Stone Soup version 0.29-a0-887-gcbe080d7e0 (webtiles) character file.

Game seed: 13846725014813283047

2 IdlyInterested the Ducker (level 1, 0/13 HPs)
             Began as a Demonspawn Wanderer on July 21, 2022.
             Frozen to death by an endoplasm (4 damage)
             ... on level 1 of the Dungeon.
             The game lasted 00:01:14 (69 turns).

IdlyInterested the Ducker (Demonspawn Wanderer)       Turns: 69, Time: 00:01:15

Health: 0/13       AC:  5    Str: 15    XL:     1   Next: 33%
Magic:  3/3        EV: 13    Int: 10    God:
Gold:   0          SH:  0    Dex: 12    Spells: 4/4 levels left

rFire   . . .      SeeInvis .   a - +0 club
rCold   . . .      Faith    .   (no shield)
rNeg    . . .      Spirit   .   d - +2 leather armour
rPois   .          Reflect  .   (no helmet)
rElec   .          Harm     .   (no cloak)
rCorr   .          Rampage  .   (no gloves)
Will    .....                   (no boots)
Stlth   +.........              (no amulet)
HPRegen 0.04/turn               (no ring)
MPRegen 0.08/turn               (no ring)

@: no status effects
A: no striking features
a: no special abilities


You were on level 1 of the Dungeon.
You visited 1 branch of the dungeon, and saw 1 of its levels.

Inventory:

Hand Weapons
 a - a +0 club (weapon)
Armour
 d - a +2 leather armour (worn)
Scrolls
 b - a scroll of vulnerability
 e - a scroll of fog {unknown}
Potions
 c - a potion of attraction


   Skills:
 * Level 0.3 Fighting
 - Level 4.5 Dodging
 - Level 1.0 Stealth
 - Level 2.0 Spellcasting
 + Level 1.0 Air Magic
 * Level 1.5 Invocations


You had 4 spell levels left.
You didn't know any spells.
Your spell library contained the following spells:

 Spells                   Type           Power      Damage    Failure   Level
 Poisonous Vapours        Pois/Air       4%         N/A       43%         2
 Static Discharge         Conj/Air       2%         3-4/arc   43%         2


Dungeon Overview and Level Annotations

Branches:
Dungeon (1/15)

Altars:

Shops:
D:1 (


Message History

The frilled lizard barely misses you.
You hit the frilled lizard.
You kill the frilled lizard!
Things that are here:
a +0 club; a frilled lizard corpse; a rat corpse
There is an entrance to Lyduviwu's Weapon Emporium here.
You can access your shopping list by pressing '$'.
e - a scroll labelled VOMEDI WUGINT An endoplasm comes into view.
A bat comes into view.
The bat closely misses you.
You hit the bat but do no damage. The bat closely misses you.
You hit the bat.
The bat is severely wounded.
The bat barely misses you.
The endoplasm quivers.
The bat hits you but does no damage. The bat misses you.
The bat closely misses you.
You barely miss the bat.
The bat is moderately wounded.
The bat hits you but does no damage. The bat closely misses you.
The endoplasm closely misses you. x2
You barely miss the endoplasm. The bat hits you but does no damage.
The bat barely misses you. The endoplasm freezes you.
You are frozen.
You barely miss the endoplasm. The bat closely misses you.
The endoplasm closely misses you.
You hit the endoplasm.
The endoplasm is severely wounded.
The bat barely misses you. The endoplasm freezes you.
You are frozen.
The bat misses you.
You completely miss the endoplasm.
The endoplasm is severely wounded.
The bat closely misses you. The endoplasm barely misses you.
The kobold hits you with a +0 dagger. The endoplasm freezes you.
You are frozen.
You die...

#. #...# #. #...#
#.##...# ......
....# ## #...# ...
#.J.# #..##@..#
#..K.##
##.##.#.#### #
...........# #
........##.#### #
##............#####
#
####.............#
#
#.#.......###.#####
#.##.........∩...##


You could see an endoplasm and a kobold.

Vanquished Creatures
  A goblin (D:1)
  A frilled lizard (D:1)
  A rat (D:1)
3 creatures vanquished.

Notes
Turn   | Place    | Note
-------+----------+-------------------------------------------
     0 | D:1      | IdlyInterested the Demonspawn Wanderer began the quest for
                  | the Orb.
     0 | D:1      | IdlyInterested set off with the following items: a +0 club,
                  | a scroll of vulnerability, a potion of attraction, a +2
                  | leather armour; and the following spells available to
                  | memorise: Poisonous Vapours, Static Discharge.
     0 | D:1      | Reached XP level 1. HP: 13/13 MP: 3/3
    24 | D:1      | Found Lyduviwu's Weapon Emporium.
    69 | D:1      | Frozen to death by an endoplasm

Illustrated notes

Levels and vault maps discovered:
D:1:      noname_arrival_rooms_in_the_neighbourhood, layout_loops_ring,
          serial_shops, shop

Action                   || total
-------------------------++-------
Melee: Club              ||    14
Armor: Leather armour    ||     4
Dodge: Dodged            ||    19

Table legend: (Time is in decaauts)
 A = Elapsed time spent in this place.
 B = Non-inter-level travel time spent in this place.
 C = Inter-level travel time spent in this place.
 D = Time resting spent in this place.
 E = Time spent auto-exploring this place.
 F = Levels seen in this place.
 G = Mean time per level.
                   A        B        C        D        E       F      G
               +--------+--------+--------+--------+--------+-----+--------+
         Total |     72 |     72 |      0 |      0 |     31 |   1 |   72.0 |
       Dungeon |     72 |     72 |      0 |      0 |     31 |   1 |   72.0 |
               +--------+--------+--------+--------+--------+-----+--------+

Top non-repeatable levels by time:
     D:1: 72 daAuts
